 Dungeon Crawl Stone Soup version 0.14-a0-1974-gdb6e453 (webtiles) character file.

393 Piginabag the Skirmisher (level 5, 0/42 HPs)
             Began as a Demonspawn Monk on Jan 18, 2014.
             Succumbed to a scorpion's poison
             ... on Level 4 of the Dungeon.
             The game lasted 00:07:11 (4168 turns).

Piginabag the Skirmisher (Demonspawn Monk)          Turns: 4168, Time: 00:07:11

HP   0/42        AC  6     Str 11      XL: 5   Next: 70%
MP  14/14        EV  9     Int 11      God:
Gold 166         SH  0     Dex 17      Spells:  0 memorised,  4 levels left

rFire  . . .     SeeInvis .     r - +0 whip
rCold  + . .     Clarity  .     i - +1 ring mail {rC+}
rNeg   . . .     Conserve .     (no shield)
rPois  .         rCorr    .     (helmet restricted)
rElec  .         rRot     .     (no cloak)
SustAb . .       Spirit   .     (no gloves)
rMut   .         Warding  .     (no boots)
Saprov . . .     Stasis   .     (no amulet)
MR     .....                    m - ring of magical power
                                l - ring of sustenance

@: mildly poisoned, not resistant to hostile enchantments, unstealthy
A: horns 1, powered by death 1
a: no special abilities


You were on level 4 of the Dungeon.
You were hungry.

You visited 1 branch of the dungeon, and saw 4 of its levels.

You collected 166 gold pieces.

Inventory:

Hand weapons
 r - a +0,+0 whip (weapon)
Armour
 f - a +2 robe of magic resistance
 i - a +1 ring mail of cold resistance (worn)
Comestibles
 b - 2 bread rations
 q - a meat ration
 u - an apple
Scrolls
 d - 3 scrolls of remove curse {unknown}
 h - a scroll of amnesia {unknown}
 k - a scroll of identify
 n - a scroll of recharging {unknown}
 t - 2 scrolls of fear {unknown}
 v - a scroll of immolation {unknown}
 w - a scroll of enchant armour {unknown}
 x - a scroll of teleportation {unknown}
Jewellery
 l - a ring of sustenance (left hand)
 m - a ring of magical power (right hand)
Potions
 a - a potion of experience {unknown}
 c - a potion of mutation {unknown}
 e - a potion of restore abilities
 s - a potion of resistance


   Skills:
 + Level 4.1 Fighting
 + Level 1.8 Maces & Flails
 - Level 2.1 Armour
 - Level 3.7 Dodging
 - Level 1.9 Stealth
 - Level 3.9 Unarmed Combat


You had 4 spell levels left.
You didn't know any spells.

Dungeon Overview and Level Annotations

Branches:
Dungeon (4/16)
 Temple: D:4-7

Altars:
Xom
Yredelemnul

Shops:
D:4 (


Innate Abilities, Weirdness & Mutations

You have a pair of small horns on your head.
You can steal the life force of nearby defeated enemies.


Message History

Okay, then.
You hit the scorpion. You headbutt the scorpion.
The scorpion is severely wounded.
The scorpion closely misses you.
You closely miss the scorpion.
The scorpion is severely wounded.
* * * LOW HITPOINT WARNING * * *
You feel sick. The scorpion stings you.
* * * LOW HITPOINT WARNING * * *
You hit the scorpion but do no damage.
The scorpion is severely wounded.
* * * LOW HITPOINT WARNING * * *
You feel sick. The scorpion barely misses you.
You hit the scorpion but do no damage.
The scorpion is severely wounded.
* * * LOW HITPOINT WARNING * * *
You feel sick. The scorpion barely misses you.
You hit the scorpion but do no damage. Your headbutt misses the scorpion.
The scorpion is severely wounded.
You die...

#########.#
#..@s.....#
##.####.#########
............#########
##.####............#
#..#.#######.# ##
#..#.# #.# #. #..#.#
#.# . ...#.# #.# #
###.#.#### #.#


You could see a scorpion.

Vanquished Creatures
  2 hounds (D:4)
  2 worker ants (D:4)
  2 adders
  A giant mite (D:4)
  3 worms
  2 oozes (D:2)
  4 orcs
  2 giant cockroaches
  6 goblins
  13 hobgoblins
  10 kobolds
  A quokka (D:2)
  4 training dummies (D:4)
  A ball python (D:2)
  12 bats
  3 giant newts
  A hobgoblin skeleton (D:4)
  2 jackals (D:1)
  8 rats
79 creatures vanquished.

Notes
Turn   | Place    | Note
--------------------------------------------------------------
     0 | D:1      | Piginabag, the Demonspawn Monk, began the quest for the Orb.
     0 | D:1      | Reached XP level 1. HP: 18/18 MP: 1/1
   370 | D:1      | Gained mutation: You have a pair of small horns on your head. [demonic ancestry]
   370 | D:1      | Reached XP level 2. HP: 21/24 MP: 2/2
  1189 | D:2      | Reached XP level 3. HP: 14/29 MP: 3/3
  1509 | D:2      | Reached skill level 1 in Armour
  2058 | D:2      | Gained mutation: You can steal the life force of nearby defeated enemies. [demonic ancestry]
  2058 | D:2      | Reached XP level 4. HP: 31/35 MP: 4/4
  2149 | D:3      | Found a basalt altar of Yredelemnul.
  2149 | D:3      | Found a shimmering altar of Xom.
  3357 | D:4      | Reached XP level 5. HP: 14/41 MP: 5/5
  3680 | D:4      | Found Chakhev's Antique Weapon Shoppe.
  3711 | D:4      | Reached skill level 1 in Maces & Flails
  3748 | D:4      | Reached skill level 4 in Fighting
  3767 | D:4      | HP: 1/42 [worker ant (6)]
  3773 | D:4      | HP: 1/42 [goblin/orcish club (1)]
  4166 | D:4      | HP: 2/42 [poisoned by a scorpion]
  4168 | D:4      | Succumbed to a scorpion's poison

Action                   |  1- 3 |  4- 6 || total
-------------------------+-------+-------++-------
Melee: Unarmed           |   144 |       ||   144
       Whip              |    15 |   182 ||   197
  Use: Scroll            |     2 |       ||     2
       Potion            |       |     8 ||     8
 Stab: Sleeping          |     1 |     1 ||     2
